Description

grandmaster tos build

Build Order

Get SALT Encoding   

  14  0:19  Pylon  
  17  0:59  Nexus  
  18  0:14  Gateway  
  19  1:22  Assimilator  
  20  1:30  Assimilator  
  21  1:42  Gateway  
  23  2:02  Cybernetics Core  
  31  2:38  Adept, Stalker  
  33  2:39  Warp Gate  
  35  2:48  Twilight Council  
  35  2:57  Pylon  
  38  3:14  Pylon  
  40  3:15  Adept x2  
  46  3:32  Gateway  
  49  3:42  Adept x2  
  51  3:44  Pylon  
  53  3:57  Assimilator  
  54  3:59  Assimilator  
  56  4:13  Nexus  
  56  4:15  Pylon  
  56  4:18  Pylon  
Spawning Tool Build Advisor. Get it on Overwolf

Go to:

Details

  • Created by: sackzii
  • Published on: Jan 12, 2017
  • Modified on: Jan 12, 2017
  • Patch: 3.8.0
Show
View Real Time Build Order
Export as new Build Order

Comments (0)

There are no comments. Be the first!

Create an account to comment!